 Dungeon Sprint DCSS version 0.19-a0-1672-g679cadd (webtiles) character file.

11000000 George the Intangible (level 27, -21/174 HPs)
             Began as a Spriggan Assassin on Sept 22, 2016.
             Was the Champion of Makhleb.
             Demolished by a destroyer
             ... wielding a +9 great sword of slicing
              (33 damage)
             ... in the Dungeon (Sprint VIII: "Arena of Blood").
             The game lasted 00:04:16 (110 turns).

George the Intangible (Spriggan Assassin)            Turns: 110, Time: 00:04:17

Health: -21/174    AC:  6    Str:  7    XL:     27
Magic:  24/55      EV: 45    Int: 14    God:    Makhleb [******]
Gold:   0          SH:  0    Dex: 29    Spells: 0 memorised, 80 levels left

rFire  . . .     SeeInvis +     n - +∞ Axe of Woe
rCold  . . .     Gourm    .     c - +0 robe
rNeg   . . .     Faith    .     (shield currently unavailable)
rPois  .         Spirit   .     (helmet restricted)
rElec  .         Dismiss  .     d - +0 cloak
rCorr  .         Reflect  .     (gloves unavailable)
MR     ++++.     Harm     .     (boots unavailable)
Stlth  ++++++++++ NoTele   +    (no amulet)
                                (no ring)
                                (no ring)

@: slowed, quick
A: unfitting armour, see invisible, herbivore 3, speed 3, slow metabolism 2
a: Minor Destruction, Lesser Servant of Makhleb, Major Destruction, Greater
Servant of Makhleb, Renounce Religion


You were in the Dungeon.
You worshipped Makhleb.
Makhleb was exalted by your worship.
You were not hungry.

You visited 1 branch

Inventory:

Hand Weapons
 a - a +2 dagger
 b - a +0 blowgun
 n - the +∞ Axe of Woe (weapon)
   (You found it in the Dungeon)
Missiles
 e - 8 poisoned needles
 f - 2 curare-tipped needles
Armour
 c - a +0 robe (worn)
 d - a +0 cloak (worn)
Scrolls
 m - a scroll of blinking
Potions
 h - a potion of curing
 i - a potion of heal wounds
 j - a potion of haste
 k - 2 potions of magic
 l - a potion of berserk rage
Comestibles
 g - a bread ration


   Skills:
 O Level 27 Fighting
 O Level 27 Short Blades
 O Level 27 Axes
 O Level 27 Throwing
 O Level 27 Armour
 O Level 27 Dodging
 O Level 27 Stealth
 O Level 27 Unarmed Combat
 O Level 27 Spellcasting
 O Level 27 Invocations


You had 80 spell levels left.
You didn't know any spells.

Dungeon Overview and Level Annotations

Branches:
Dungeon (1/1)

Altars:
Makhleb


Innate Abilities, Weirdness & Mutations

You are tiny and cannot use many weapons and most armour.
You have supernaturally acute eyesight. (SInv)
You are a herbivore.
You cover ground extremely quickly.
You need consume almost no food.


Message History

An eight-headed meat hydra comes into view.
The eight-headed meat hydra roars!
The bag of meat convulses! x2; Your body is wracked with pain!
* * * LOW HITPOINT WARNING * * *
The large bag of meat convulses!
The bag of meat convulses!
The meat berserker convulses!
The bag of meat convulses! x13
The eight-headed meat hydra convulses!
The bag of meat convulses! x2
The bag of meat moves out of view.
The eight-headed meat hydra calls on the powers of darkness!
The eight-headed meat hydra convulses!
The bag of meat convulses! x6
The meat berserker convulses!
The bag of meat convulses! x7
The meat berserker convulses!
The bag of meat convulses!
The large bag of meat convulses!
The bag of meat convulses!
Your body is wracked with pain!
* * * LOW HITPOINT WARNING * * *
The bag of meat convulses! x2; The eight-headed meat hydra convulses!
The bag of meat convulses!
The tyrant casts a spell.
The destroyer hits you with a +9 great sword of slicing!!
You die...

..#....).))...Xo2...XW.
...%...))).).)oo........
....%.......o.).........
......#.....)§#.........
#.....#...%..G#.........
....###....%oG###xM.....
.........###Xx.x)D......
.#...)....DLXX.oo)...o..
.......#....S#)o@VoC.#.
.......#_.<._#.2oWO...W.
...o...#.....#.zMoox#.#.
.#.CV....._.oo.§oooooo.
..o......###.ox.o..oW#.#
....###...oW.G###..D.WoW
.... #..OooG.# .....oO
.... #...MM)o# .......
... ...................


You could see 4 accurseds, a tentacled monstrosity, a meat beast, a tyrant, 3
eight-headed meat hydras, a destroyer, 4 observers, a sculptor of flesh, a large
bag of meat (inner flame), 2 large abominations, 3 wretched souls, 3 dreads, 3
meat berserkers, 3 small abominations, 26 bags of meat and 2 crawling corpses.

Vanquished Creatures
  8 hell beasts (D)
  Edmund (D)
  3 greater mummies (D)
  A wraith (D)
  10 vampire knights (D)
  33 ogres (D)
  5 liches (D)
  73 orcs (D)
  A phantom (D)
  6 hill giants (D)
  5 skeletal warriors (D)
  7 small abominations (D)
  8 large abominations (D)
  4 crawling corpses (D)
165 creatures vanquished.

Vanquished Creatures (others)
  Harold (D)
  A hydra (D)
  An orc (D)
  A small abomination (D)
  3 crawling corpses (D)
7 creatures vanquished.

Grand Total: 172 creatures vanquished

Notes
Turn   | Place    | Note
-------+----------+-------------------------------------------
     0 | D        | George the Spriggan Assassin began the quest for the Orb.
     0 | D        | Reached XP level 1. HP: 10/10 MP: 2/2
     3 | D        | Noticed a bag of meat
     3 | D        | Noticed a bag of meat
     3 | D        | Noticed a bag of meat
     4 | D        | Became a worshipper of Makhleb the Destroyer
     5 | D        | Noticed a bag of meat
     5 | D        | Noticed a bag of meat
     5 | D        | Noticed a bag of meat
     6 | D        | Noticed a bag of meat
     6 | D        | Noticed a meat berserker
     8 | D        | Noticed a bag of meat
     8 | D        | Noticed a meat berserker
     9 | D        | Noticed a bag of meat
     9 | D        | Killed a bag of meat
     9 | D        | Reached XP level 2. HP: 29/29 MP: 2/12
     9 | D        | Reached XP level 3. HP: 33/33 MP: 2/13
     9 | D        | Reached XP level 4. HP: 38/38 MP: 2/15
     9 | D        | Reached XP level 5. HP: 42/42 MP: 2/16
     9 | D        | Reached XP level 6. HP: 47/47 MP: 2/18
     9 | D        | Reached XP level 7. HP: 51/51 MP: 2/19
     9 | D        | Reached XP level 8. HP: 56/56 MP: 2/21
     9 | D        | Reached XP level 9. HP: 60/60 MP: 2/22
     9 | D        | Reached XP level 10. HP: 65/65 MP: 2/23
     9 | D        | Reached XP level 11. HP: 70/70 MP: 2/24
    10 | D        | Noticed a bag of meat
    10 | D        | Noticed a bag of meat
    10 | D        | Noticed a bag of meat
    10 | D        | Noticed a meat berserker
    10 | D        | Killed a bag of meat
    10 | D        | Reached * piety under Makhleb
    10 | D        | Reached XP level 12. HP: 77/77 MP: 2/26
    10 | D        | Killed a meat berserker
    10 | D        | Reached skill level 27 in Dodging
    10 | D        | Reached XP level 13. HP: 88/88 MP: 2/29
    10 | D        | Reached XP level 14. HP: 93/93 MP: 2/30
    10 | D        | Killed a bag of meat
    11 | D        | Noticed a bag of meat
    11 | D        | Killed a meat berserker
    11 | D        | Reached ** piety under Makhleb
    11 | D        | Reached XP level 15. HP: 104/104 MP: 2/33
    11 | D        | Reached skill level 27 in Invocations
    11 | D        | Killed a meat berserker
    11 | D        | Reached skill level 27 in Fighting
    11 | D        | Reached XP level 16. HP: 116/116 MP: 2/34
    12 | D        | Reached *** piety under Makhleb
    12 | D        | Reached skill level 10 in Armour
    12 | D        | Reached XP level 17. HP: 121/121 MP: 3/35
    13 | D        | Noticed a large bag of meat
    13 | D        | Noticed a large bag of meat
    13 | D        | Reached skill level 15 in Axes
    14 | D        | Reached **** piety under Makhleb
    14 | D        | Reached XP level 18. HP: 127/127 MP: 3/36
    19 | D        | Noticed a meat berserker
    21 | D        | Noticed a meat berserker
    23 | D        | Noticed a destroyer
    24 | D        | Noticed a large bag of meat
    30 | D        | Noticed an eight-headed meat hydra
    30 | D        | Noticed a meat berserker
    32 | D        | Noticed The Servant
    33 | D        | Noticed a meat berserker
    33 | D        | Noticed a destroyer
    33 | D        | Reached ***** piety under Makhleb
    34 | D        | Noticed a meat berserker
    34 | D        | Killed a meat berserker
    34 | D        | Reached XP level 19. HP: 132/132 MP: 6/37
    36 | D        | Noticed a large bag of meat
    37 | D        | Noticed a large bag of meat
    37 | D        | Killed a meat berserker
    37 | D        | Reached skill level 27 in Axes
    37 | D        | Reached ****** piety under Makhleb
    37 | D        | Reached skill level 27 in Armour
    38 | D        | Noticed a destroyer
    38 | D        | Killed a meat berserker
    38 | D        | Reached skill level 10 in Throwing
    38 | D        | Reached skill level 15 in Stealth
    38 | D        | Reached XP level 20. HP: 137/137 MP: 7/38
    38 | D        | Reached skill level 10 in Unarmed Combat
    38 | D        | Noticed a destroyer
    39 | D        | Reached skill level 15 in Spellcasting
    40 | D        | Killed a meat berserker
    40 | D        | Reached skill level 15 in Short Blades
    40 | D        | Killed a meat berserker
    41 | D        | Reached skill level 15 in Throwing
    43 | D        | Noticed a meat berserker
    43 | D        | Noticed a destroyer
    44 | D        | Noticed a destroyer
    44 | D        | Killed a destroyer
    44 | D        | Reached skill level 27 in Stealth
    44 | D        | Reached XP level 21. HP: 142/142 MP: 8/47
    45 | D        | Killed a destroyer
    46 | D        | Killed a destroyer
    46 | D        | Reached skill level 27 in Spellcasting
    46 | D        | Reached XP level 22. HP: 148/148 MP: 8/54
    47 | D        | Noticed a destroyer
    48 | D        | Reached skill level 27 in Short Blades
    49 | D        | Killed The Servant
    49 | D        | Reached skill level 27 in Throwing
    49 | D        | Killed a destroyer
    49 | D        | Reached skill level 27 in Unarmed Combat
    49 | D        | Reached XP level 23. HP: 153/153 MP: 9/55
    50 | D        | Noticed a destroyer
    51 | D        | Killed a destroyer
    51 | D        | Killed a destroyer
    52 | D        | Killed a destroyer
    52 | D        | Reached XP level 24. HP: 158/158 MP: 10/55
    53 | D        | Noticed a tyrant
    54 | D        | Killed a destroyer
    56 | D        | Noticed an accursed
    56 | D        | Reached XP level 25. HP: 163/163 MP: 11/55
    59 | D        | Killed a tyrant
    60 | D        | Noticed a tyrant
    61 | D        | Noticed a meat beast
    61 | D        | Noticed an accursed
    63 | D        | Killed a meat beast
    63 | D        | Reached XP level 26. HP: 169/169 MP: 12/55
    66 | D        | Noticed a tyrant
    69 | D        | Reached XP level 27. HP: 174/174 MP: 14/55
    70 | D        | Killed an accursed
    74 | D        | Killed an accursed
    74 | D        | Noticed a meat beast
    79 | D        | Killed a meat beast
    80 | D        | Noticed a meat beast
    83 | D        | Noticed an accursed
    85 | D        | Noticed a meat beast
    85 | D        | Noticed a dread
    85 | D        | Killed a meat beast
    87 | D        | Noticed a meat beast
    90 | D        | Noticed a destroyer
    91 | D        | Noticed a destroyer
    92 | D        | Killed a destroyer
    93 | D        | Noticed an accursed
    93 | D        | Noticed a meat beast
    93 | D        | Noticed a tyrant
    94 | D        | Noticed a dread
    94 | D        | Noticed a meat beast
    94 | D        | Noticed a tyrant
    95 | D        | Killed a meat beast
    96 | D        | Noticed a meat beast
    96 | D        | Killed a destroyer
    97 | D        | Killed a tyrant
    97 | D        | Killed a meat beast
    98 | D        | Killed a tyrant
    99 | D        | Noticed an accursed
    99 | D        | Killed a meat beast
    99 | D        | Killed a tyrant
   100 | D        | Noticed The Defiler
   103 | D        | Noticed an accursed
   103 | D        | Killed a meat beast
   104 | D        | Noticed a meat beast
   105 | D        | Noticed a tyrant
   107 | D        | Killed The Defiler
   108 | D        | Noticed a dread
   108 | D        | Noticed a dread
   108 | D        | Noticed a destroyer
   108 | D        | Killed a meat beast
   109 | D        | Killed an accursed
   110 | D        | Killed a tyrant
   110 | D        | Killed a dread
   110 | D        | Demolished by a destroyer

Vault maps used:
D:        meatsprint

Skill      XL: |  1  2  3  4  5  6  7  8  9 10 11 12 13 14 15 16 17 18 19 20 21 22 |
---------------+-------------------------------------------------------------------+-----
Fighting       | 14 16 19 23 27 | 27.0
Dodging        | 21 24 27 | 27.0
Invocations    | 16 18 22 26 27 | 27.0
Axes           | 6 13 20 24 27 | 27.0
Armour         | 6 12 19 23 27 | 27.0
Short Blades   | 11 20 25 27 | 27.0
Throwing       | 10 19 24 27 | 27.0
Stealth        | 15 27 | 27.0
Unarmed Combat | 8 16 20 27 | 27.0
Spellcasting   | 11 21 27 | 27.0

Action                   |  1- 3 |  4- 6 |  7- 9 | 10-12 | 13-15 | 16-18 | 19-21 | 22-24 | 25-27 || total
-------------------------+-------+-------+-------+-------+-------+-------+-------+-------+-------++-------
Melee: Broad axe         |     1 |       |       |     1 |     1 |     6 |    12 |     8 |    38 ||    67
Dodge: Dodged            |       |       |       |       |       |       |       |     1 |     4 ||     5
